 Dungeon Crawl Stone Soup version 0.23-a0-143-g1adec7b (webtiles) character file.

12245 Gorice the Spear-Bearer (level 11, -7/70 HPs)
             Began as a Demonspawn Wanderer on Aug 31, 2018.
             Was a High Priest of Kikubaaqudgha.
             Hit by a javelin thrown by a minotaur (15 damage)
             ... in a labyrinth on Sept 1, 2018.
             The game lasted 01:15:07 (15643 turns).

Gorice the Spear-Bearer (Demonspawn Wanderer)      Turns: 15643, Time: 01:15:08

Health: -7/70      AC: 18    Str: 22    XL:     11   Next: 59%
Magic:  0/11       EV:  9    Int: 13    God:    Kikubaaqudgha [*****.]
Gold:   368        SH:  0    Dex: 12    Spells: 10/10 levels left

rFire    . . .     SeeInvis +   a - +0 halberd
rCold    . . .     Gourm    .   (shield currently unavailable)
rNeg     . . .     Faith    .   B - +0 plate armour
rPois    .         Spirit   +   T - +0 helmet
rElec    .         Reflect  .   (no cloak)
rCorr    .         Harm     .   D - +0 pair of gloves
MR       .....                  o - +0 pair of boots
Stlth    ..........             W - amulet of regeneration
HPRegen  0.61/turn              i - ring of see invisible
MPRegen  0.24/turn              s - ring of stealth

@: mighty, very slightly contaminated, hasted, invisible, very quick
A: talons 2, demonic guardian 1, magic shield, magic regeneration, sturdy frame
2
a: Receive Corpses, Torment, Renounce Religion


You were in a labyrinth.
You worshipped Kikubaaqudgha.
Kikubaaqudgha was extremely pleased with you.
You were not hungry.

You visited 3 branches of the dungeon, and saw 14 of its levels.
You also visited: Labyrinth, Sewer and Ossuary.

You collected 527 gold pieces.
You spent 159 gold pieces at shops.

Inventory:

Hand Weapons
 a - a +0 halberd (weapon)
 b - a +3 spear
 k - the +3 spear of Peril {antimagic, rC+ Dex+4}
   (You found it on level 2 of the Lair of Beasts)

   It reduces the magical energy of the wielder, and disrupts the spells and
   magical abilities of those hit.
   Natural abilities and divine invocations are not affected.
   It affects your dexterity (+4).
   It protects you from cold.
 u - a +0 trident
Missiles
 t - 14 tomahawks (quivered)
 Y - 473 stones
Armour
 o - a +0 pair of boots (worn)
 B - a +0 plate armour (worn)
 D - a +0 pair of gloves (worn)
 S - the +3 ring mail "Debbikep" {Str+2}
   (You found it on level 1 of the Lair of Beasts)

   It affects your strength (+2).
 T - a +0 helmet (worn)
Jewellery
 i - a ring of see invisible (left hand)
 s - a ring of stealth (right hand)
 W - an amulet of regeneration (around neck)
Wands
 e - a wand of polymorph (2)
 l - a wand of flame (34)
 p - a wand of acid (6)
 v - a wand of digging (18)
 x - a wand of iceblast (14)
Scrolls
 d - 3 scrolls of fear {!r}
 m - a scroll of fog
 q - 2 scrolls of identify
 y - 3 scrolls of remove curse
 C - 9 scrolls of teleportation {!r}
 P - a scroll of blinking
Potions
 c - 4 potions of lignification {!q}
 g - 2 potions of magic {!q}
 h - 4 potions of resistance {!q}
 j - 4 potions of flight
 r - 8 potions of curing
 A - a potion of heal wounds {!q}
 F - 3 potions of might {!q}
 G - a potion of agility {!q}
 K - 3 potions of haste {!q}
 O - 3 potions of mutation {!q}
 R - 2 potions of cancellation {!q}
Comestibles
 f - 19 rations


   Skills:
 - Level 1.0 Fighting
   Level 1.7 Long Blades
 * Level 13.6 Polearms
 + Level 9.8 Armour
 - Level 1.0 Dodging
 - Level 2.6 Stealth
 - Level 1.0 Evocations


You had 10 spell levels left.
You didn't know any spells.
Your spell library contained the following spells:

 Spells                   Type           Power        Failure   Level  Hunger
 Confusing Touch          Hex            #.....       83%         1    ##.....
 Magic Dart               Conj           #...         83%         1    ##.....
 Pain                     Necr           #...         83%         1    ##.....
 Blink                    Tloc           N/A          92%         2    ###....
 Call Imp                 Summ           #.......     92%         2    ###....
 Corpse Rot               Necr           N/A          92%         2    ###....
 Slow                     Hex            #.......     92%         2    ###....
 Sublimation of Blood     Necr           #.........   92%         2    ###....
 Confuse                  Hex            #.......     99%         3    ####...
 Conjure Flame            Conj/Fire      #.......     99%         3    ####...
 Gell's Gravitas          Tloc           #.........   99%         3    ####...
 Mephitic Cloud           Conj/Pois/Air  #.......     99%         3    ####...
 Regeneration             Chrm/Necr      #.........   99%         3    ####...
 Animate Dead             Necr           N/A          100%        4    #####..
 Petrify                  Tmut/Erth      #.......     100%        4    #####..
 Agony                    Necr           #.......     100%        5    ######.
 Borgnjor's Vile Clutch   Necr/Erth      #.........   100%        5    ######.
 Dispel Undead            Necr           #.......     100%        5    ######.
 Excruciating Wounds      Chrm/Necr      #.........   100%        5    ######.
 Metabolic Englaciation   Hex/Ice        #.........   100%        5    ######.
 Yara's Violent Unravell  Hex/Tmut       #.........   100%        5    ######.


Dungeon Overview and Level Annotations

Branches:
Dungeon (11/15)            Temple (1/1) D:4            Lair (2/6) D:9
    Orc (0/2) D:10
  Swamp: Lair:2-4    Shoals: Lair:2-4     Snake: Lair:2-4    Spider: Lair:2-4

Altars:
Ashenzari
Cheibriados
Dithmenos
Elyvilon
Fedhas
Gozag
Hepliaklqana
Kikubaaqudgha
Makhleb
Nemelex Xobeh
Okawaru
Qazlal
Ru
Sif Muna
Trog
Uskayaw
Vehumet
Wu Jian
Xom
Yredelemnul
Zin
The Shining One

Shops:
D:4 *   D:7 *   D:8 !(

Annotations:
Lair:2 infucking sane level!!!!!!!!!!!!!!!!!!!!!!!!!!!!!!!!!!!!!!!!!!!!!!!!!!!!!!!


Innate Abilities, Weirdness & Mutations

You have razor-sharp toenails.
A weak demonic guardian rushes to your aid.
When hurt, damage is shared between your health and your magic reserves.
You regenerate magic rapidly.
Your movements are less encumbered by armour. (ER -4)


Message History

Really quaff
n - a potion of invisibility {!q}?
You fade into invisibility!
The minotaur hits you!
* * * LOW HITPOINT WARNING * * *
The minotaur gores you but does no damage.
You are very lightly contaminated with residual magic.
Damage: 10 (max 25) Unknown command.
Attack whom?
Press: ? - help, Dir - move target cursor, f/p - minotaur
Aim: a minotaur, wearing a plate armour (heavily wounded, covered in acid)
You reach to attack!
You slash the minotaur!
The minotaur is severely wounded.
There is an open door, spattered with blood here.
You see here 4 javelins.
Attack whom?
Press: ? - help, Dir - move target cursor, f/p - minotaur
Aim: a minotaur, wearing a plate armour (heavily wounded, covered in acid)
You reach to attack!
Your plate armour prevents you from hitting the minotaur.
The minotaur is heavily wounded.
Attack whom?
Press: ? - help, Dir - move target cursor, f - you, p - minotaur That would be overly suicidal.
Okay, then.
There is an open door, spattered with blood here.
You see here 4 javelins.
Attack whom?
Press: ? - help, Dir - move target cursor, f - minotaur
Aim: a minotaur, wearing a plate armour (heavily wounded, covered in acid)
You reach to attack!
You hit the minotaur.
The minotaur is heavily wounded.
Attack whom?
Press: ? - help, Dir - move target cursor, f/p - minotaur
Aim: a minotaur, wearing a plate armour (heavily wounded, covered in acid)
You reach to attack!
You hit the minotaur but do no damage.
The minotaur is heavily wounded.
The minotaur throws a javelin.
The javelin hits you!!
* * * LOW HITPOINT WARNING * * *
There is an open door, spattered with blood here.
You see here 2 javelins.
Damage: 23 (max 25) Unknown command.
You swap places.
Really quaff
F - 4 potions of might {!q}?
You feel very mighty all of a sudden.
The minotaur throws a javelin.
The javelin closely misses your quasit. The javelin hits you!
You die...
Kikubaaqudgha rasps: "You have failed me!
Welcome... death!"

.. ## # # . ... #
###+## ..# #.
#..⌠.# #.. #..#
+⌠...# # ..##..
#.(.H+ .... #.<.5#
.. . #. #(# # .....
.# #@# .. ## .. #
##(####.### ....
.....#...#.........
#.#### .#
#.#.#.###.## . .
... .. ..#.# ## ..
#.#...#.# .
...#.....#. #
.#.###.##### # .. #
#.... #..


You could see a minotaur and a friendly quasit.

Vanquished Creatures
  A hydra (Lair:1)
  2 two-headed ogres
  An unseen horror (D:11)
  An ugly thing (D:7)
  An elephant (D:9)
  A minotaur skeleton (Lab)
  A jumping spider (Lair:2)
  A queen bee (D:8)
  3 blink frogs (Lair:1)
  A hippogriff (D:6)
  Sigmund (D:6)
  4 redbacks
  A wraith (Ossuary)
  A basilisk (D:9)
  4 hungry ghosts
  2 porcupines (Lair:1)
  A black bear (D:8)
  2 orc warriors
  4 phantoms
  2 ice beasts
  2 centaurs (D:10)
  2 wolves (D:9)
  An ogre (D:5)
  4 crocodiles
  2 big kobolds
  5 bullfrogs
  A water moccasin skeleton (D:7)
  2 scorpions
  14 killer bees
  4 wights
  2 howler monkeys
  2 electric eels (Lair:2)
  3 crimson imps
  5 centaur zombies
  A bullfrog zombie (D:5)
  A quasit (D:7)
  2 centaur skeletons
  2 hounds
  4 orc priests
  8 orc wizards
  2 iguanas
  4 worker ants
  3 mummies (Ossuary)
  2 worker ant zombies (D:7)
  16 adders
  4 gnolls
  5 river rats
  A shadow imp (D:7)
  2 oozes
  2 adder zombies
  3 worms
  3 dart slugs
  6 leopard geckos
  59 orcs
  6 ball pythons
  5 giant cockroaches
  A gnoll zombie (Ossuary)
  7 goblins
  8 hobgoblins
  4 jackals (D:1)
  4 quokkas
  9 bats
  6 frilled lizards
  3 goblin zombies (Ossuary)
  2 hobgoblin zombies (Ossuary)
  21 kobolds
  A kobold zombie (Ossuary)
  A quokka skeleton (D:5)
  29 rats
  A butterfly (Lair:2)
322 creatures vanquished.

Vanquished Creatures (collateral kills)
  A hydra (Lair:2)
  2 spiny frogs
  A jumping spider (Lair:2)
  A hippogriff (D:8)
  A wyvern (Lair:2)
  2 hungry ghosts (Lab)
  An orc warrior (D:7)
  A black bear (D:7)
  2 wolves (Lair:1)
  2 big kobolds (Sewer)
  A bullfrog (D:6)
  Blork the orc (D:6)
  A scorpion (D:4)
  3 orc priests
  2 hounds
  2 orc wizards
  A bullfrog skeleton (D:9)
  8 orcs
  3 kobolds (Sewer)
  A quokka (D:6)
37 creatures vanquished.

Vanquished Creatures (others)
  A wizard (D:3)
  An orc (D:4)
  A hobgoblin zombie (Ossuary)
  3 fungi (Lair:2)
  2 plants (Lair:2)
8 creatures vanquished.

Grand Total: 367 creatures vanquished

Notes
Turn   | Place    | Note
-------+----------+-------------------------------------------
     0 | D:1      | Gorice the Demonspawn Wanderer began the quest for the Orb.
     0 | D:1      | Gorice set off with: a +2 spear, a +0 falchion, a potion of
                  | lignification {!q}, a +0 robe, a +0 dagger, a ration
     0 | D:1      | Reached XP level 1. HP: 15/15 MP: 1/1
    45 | D:1      | Reached skill level 2 in Polearms
    90 | D:1      | Gained mutation: You have sharp toenails. [demonic
                  | ancestry]
    90 | D:1      | Reached XP level 2. HP: 20/21 MP: 2/2
   231 | D:1      | Reached skill level 3 in Polearms
   375 | D:1      | Gained mutation: Your movements are slightly less
                  | encumbered by armour. (ER -2) [demonic ancestry]
   375 | D:1      | Reached XP level 3. HP: 26/26 MP: 3/3
   694 | D:2      | Reached skill level 1 in Armour
  1323 | D:2      | Found an opulent altar of Gozag.
  1343 | D:2      | Gained mutation: A weak demonic guardian rushes to your
                  | aid. [demonic ancestry]
  1343 | D:2      | Reached XP level 4. HP: 32/32 MP: 4/4
  1446 | D:3      | Found a basalt altar of Yredelemnul.
  1647 | D:3      | Reached skill level 4 in Polearms
  1670 | D:3      | Reached XP level 5. HP: 17/37 MP: 5/5
  2035 | D:3      | Reached skill level 2 in Armour
  2397 | D:3      | Found a bloodstained altar of Trog.
  2400 | D:3      | Noticed a wizard
  2404 | D:3      | Killed a wizard
  2451 | D:3      | Found a hazy altar of Hepliaklqana.
  2659 | D:4      | Noticed an ogre
  2894 | D:4      | Found a staircase to the Ecumenical Temple.
  2910 | Temple   | Entered the Ecumenical Temple
  3085 | D:4      | Found a shattered altar of Ashenzari.
  3102 | D:4      | Found Opleg's General Store.
  3107 | D:4      | Bought a potion of heal wounds for 55 gold pieces
  3131 | D:4      | Reached skill level 5 in Polearms
  3131 | D:4      | Gained mutation: When hurt, damage is shared between your
                  | health and your magic reserves. [demonic ancestry]
  3131 | D:4      | Reached XP level 6. HP: 37/43 MP: 6/6
  3168 | D:4      | Found a glowing golden altar of the Shining One.
  3214 | D:4      | Reached skill level 3 in Armour
  3226 | D:3      | HP: 12/43 [poisoned by a scorpion]
  3231 | D:3      | HP: 11/43 [poisoned by a scorpion]
  3238 | D:3      | HP: 10/43 [poisoned by a scorpion]
  3246 | D:3      | HP: 9/43 [poisoned by a scorpion]
  4111 | D:5      | Entered Level 5 of the Dungeon
  4206 | D:5      | Found a glowing silver altar of Zin.
  4206 | D:5      | Found an ornate altar of the Wu Jian Council.
  4332 | D:5      | Reached skill level 6 in Polearms
  4332 | D:5      | Gained mutation: Your movements are less encumbered by
                  | armour. (ER -4) [demonic ancestry]
  4332 | D:5      | Reached XP level 7. HP: 32/48 MP: 4/7
  4434 | D:5      | Found a radiant altar of Vehumet.
  4592 | D:5      | Found an ancient bone altar of Kikubaaqudgha.
  4618 | D:5      | Became a worshipper of Kikubaaqudgha
  4947 | D:6      | Reached skill level 4 in Armour
  5063 | D:6      | Noticed Sigmund
  5064 | D:6      | Found a glowing drain.
  5067 | D:6      | Killed Sigmund
  5067 | D:6      | Reached skill level 7 in Polearms
  5067 | D:6      | Gained mutation: You have razor-sharp toenails. [demonic
                  | ancestry]
  5067 | D:6      | Reached XP level 8. HP: 54/54 MP: 8/8
  5147 | Sewer    | Entered a sewer
  5187 | Sewer    | Reached * piety under Kikubaaqudgha
  5187 | Sewer    | Identified Kikubaaqudgha's Guide on Stolen Souls
                  | (Kikubaaqudgha gifted it to you in a sewer)
  5187 | Sewer    | Received a gift from Kikubaaqudgha
  5523 | Sewer    | Reached ** piety under Kikubaaqudgha
  5639 | Sewer    | Reached skill level 8 in Polearms
  5639 | Sewer    | Reached skill level 5 in Armour
  6110 | D:6      | Noticed Blork the orc
  6121 | D:6      | Killed Blork the orc
  7033 | D:7      | Noticed a hippogriff
  7157 | D:7      | Noticed a purple ugly thing
  7280 | D:6      | Killed a hippogriff
  7444 | D:6      | Reached skill level 9 in Polearms
  7464 | D:6      | Gained mutation: You regenerate magic rapidly. [demonic
                  | ancestry]
  7464 | D:6      | Reached XP level 9. HP: 26/59 MP: 5/9
  7765 | D:7      | HP: 15/59 [orc warrior/halberd (10)]
  8001 | D:7      | Found Mesucatt's Assorted Antiques.
  8044 | D:7      | Reached skill level 6 in Armour
  8293 | D:7      | Reached *** piety under Kikubaaqudgha
  8293 | D:7      | Identified Kikubaaqudgha's Tome of Necromancy
                  | (Kikubaaqudgha gifted it to you on level 7 of the Dungeon)
  8293 | D:7      | Received a gift from Kikubaaqudgha
  8889 | D:7      | Killed a purple ugly thing
  8889 | D:7      | Reached skill level 10 in Polearms
  9257 | D:8      | Found a burning altar of Makhleb.
  9335 | D:8      | Found a sand-covered staircase.
  9344 | Ossuary  | Entered an ossuary
  9764 | D:8      | Found Coiheul's Weapon Shoppe.
  9783 | D:8      | Reached skill level 7 in Armour
 10399 | D:8      | Reached **** piety under Kikubaaqudgha
 10567 | D:8      | Found Yheghuo's Distillery.
 10570 | D:8      | Noticed a queen bee
 10796 | D:8      | Killed a queen bee
 10796 | D:8      | Reached skill level 11 in Polearms
 10796 | D:8      | Reached XP level 10. HP: 65/65 MP: 8/10
 10845 | D:8      | Bought a potion of cancellation for 104 gold pieces
 10952 | D:8      | Found a blossoming altar of Fedhas.
 11266 | D:9      | Noticed an elephant
 11366 | D:9      | Found a staircase to the Lair.
 11417 | D:9      | Noticed a two-headed ogre
 11452 | D:9      | HP: 27/97 [two-headed ogre/giant club (10)]
 11454 | D:9      | Killed a two-headed ogre
 11694 | D:9      | Reached skill level 8 in Armour
 11761 | D:9      | Killed an elephant
 12155 | D:9      | Found a snail-covered altar of Cheibriados.
 12251 | Lair:1   | Entered Level 1 of the Lair of Beasts
 12258 | Lair:1   | Noticed a five-headed hydra
 12271 | Lair:1   | Killed a five-headed hydra
 12271 | Lair:1   | Reached skill level 12 in Polearms
 12489 | Lair:1   | Noticed a spiny frog
 12499 | Lair:1   | Killed a spiny frog
 12511 | Lair:1   | Got a twisted ring mail
 12613 | Lair:1   | HP: 18/65 [wolf (5)]
 12619 | Lair:1   | HP: 10/65 [wolf (5)]
 12630 | Lair:1   | HP: 8/65 [wolf (5)]
 12634 | Lair:1   | HP: 3/65 [wolf (5)]
 13435 | Lair:1   | HP: 16/65 [blink frog (10)]
 13541 | Lair:1   | Reached XP level 11. HP: 58/70 MP: 9/11
 13574 | Lair:2   | Noticed a six-headed hydra
 13577 | Lair:2   | Got a bloodstained spear
 13581 | Lair:2   | Identified the +3 spear of Peril {antimagic, rC+ Dex+4}
                  | (You found it on level 2 of the Lair of Beasts)
 13588 | Lair:2   | Killed a six-headed hydra
 13588 | Lair:2   | Reached skill level 9 in Armour
 13725 | Lair:2   | HP: 21/70 [poisoned by a redback]
 13729 | Lair:2   | Noticed a seven-headed hydra
 13730 | Lair:2   | HP: 13/70 [poisoned by a spiny frog]
 13741 | Lair:2   | HP: 20/70 [bullfrog (4)]
 13765 | Lair:2   | Reached skill level 13 in Polearms
 13996 | Lair:1   | Identified the +3 ring mail "Debbikep" {Str+2} (You found
                  | it on level 1 of the Lair of Beasts)
 14006 | Lair:1   | Upgraded the game from 0.23-a0-141-g456867d to
                  | 0.23-a0-143-g1adec7b
 14043 | D:10     | Entered Level 10 of the Dungeon
 14043 | D:10     | Noticed a two-headed ogre
 14056 | D:10     | Killed a two-headed ogre
 14224 | D:10     | Reached ***** piety under Kikubaaqudgha
 14381 | D:10     | Found a staircase to the Orcish Mines.
 15030 | D:11     | Noticed an unseen horror
 15041 | D:11     | Killed an unseen horror
 15078 | D:11     | Found a labyrinth entrance.
 15085 | D:11     | Noticed a white ugly thing
 15088 | Lab      | Entered a labyrinth
 15317 | Lab      | Paralysed by fainting for 5 turns
 15482 | Lab      | HP: 13/70 [minotaur skeleton (11)]
 15616 | Lab      | Noticed a minotaur
 15625 | Lab      | HP: 13/70 [minotaur/javelin (14)]
 15641 | Lab      | HP: 7/70 [minotaur/javelin (23)]
 15643 | Lab      | Hit by a javelin thrown by a minotaur

Vault maps used:
D:1:      mainiacjoe_arrival_reflecting_pool
D:2:      grunt_gozag_statues
D:3:      yredelemnul_altar_generic, lemuel_crystal_altar, trog_wizard
D:4:      nicolae_overflow_crystal_walls, minmay_temple_entry_butterflies,
          first_ration, serial_shops, shop, nrook_loot_triangle, tso_metal_star
D:5:      kiku_gazebo_pond_becter, grunt_temple_overflow_open
D:6:      portal_sewer_entry_a, uniq_blork_the_orc, uniq_sigmund
D:7:      serial_shops, nicolae_shop_behind_doors
D:8:      old_standard_altar, lemuel_crystal_altar, nicolae_ossuary_entry_plus,
          serial_shops, nicolae_shop_temple_entry_statues_fountains,
          shop_statue, david_nohive_1
D:9:      lemuel_coloured_pillars_altar, david_lair_generic
D:10:     hiddenorc2_lemuel, nicolae_sextant
D:11:     portal_ice_cave_entry_pillars_1, lab_entry_generic
Temple:   eino_temple_lava
Lair:1:   infiniplex_staircase_pool, serial_bayou_shore_b
Lair:2:   nicolae_spider_entry_tight_spaces, serial_bayou_lake_a,
          lemuel_fruit_tree, lemuel_fruit_fields, grunt_megastairs_1
Lab:      labyrinth_hidden_loot, labyrinth_skeletal_remains,
          nicolae_lab_quarters, nicolae_lab_checkerboard, labyrinth_lava_lair,
          nicolae_lab_stuck, nicolae_lab_grate, nicolae_lab_blocks,
          nicolae_lab_arrow
Sewer:    sewer_minmay_treatment
Ossuary:  ossuary_kennysheep_city_of_the_dead

Skill      XL: |  1  2  3  4  5  6  7  8  9 10 11 |
---------------+----------------------------------+-----
Polearms       | 2 3 4 5 6 7 9 11 12 13 | 13.6
Armour         | 1 2 3 4 5 7 8 9 |  9.8
Fighting       | |  1.0
Long Blades    | |  1.7
Dodging        | |  1.0
Stealth        | |  2.6
Evocations     | |  1.0

Action                   |  1- 3 |  4- 6 |  7- 9 | 10-12 || total
-------------------------+-------+-------+-------+-------++-------
Melee: Spear             |   122 |   215 |   529 |    75 ||   941
       Kick              |    17 |    28 |   108 |    30 ||   183
       Halberd           |       |       |   119 |   523 ||   642
Throw: Stone             |     1 |       |       |    11 ||    12
       Tomahawk          |       |     2 |       |    22 ||    24
Evoke: Wand              |       |       |     6 |    24 ||    30
  Use: Scroll            |     3 |     9 |    12 |    10 ||    34
       Potion            |       |       |     3 |     8 ||    11
 Stab: Distracted        |       |     3 |       |     7 ||    10
  Eat: Chunk             |     1 |    10 |    15 |    14 ||    40
       Ration            |       |       |     2 |     3 ||     5
Armor: Robe              |     4 |       |       |       ||     4
       Scale mail        |    33 |     2 |       |       ||    35
       Chain mail        |       |    40 |       |       ||    40
       Plate armour      |       |    11 |   243 |   363 ||   617
Dodge: Dodged            |    46 |    41 |   173 |   236 ||   496

Table legend:
 A = Non-vault XP
 B = Vault XP
 C = Vault XP percentage of total XP
 D = Non-vault monster count
 E = Vault monster count
 F = Vault count percentage of total count
                 A         B        C        D         E       F
            +---------+---------+-------+---------+---------+-------
      Total |   11667 |    5827 |  33.3 |     227 |     130 |  36.4
            +---------+---------+-------+---------+---------+-------
        D:1 |      43 |       0 |   0.0 |      25 |       0 |   0.0
        D:2 |      55 |       0 |   0.0 |      16 |       0 |   0.0
        D:3 |     166 |       0 |   0.0 |      32 |       0 |   0.0
        D:4 |     391 |       0 |   0.0 |      15 |       0 |   0.0
        D:5 |     323 |       0 |   0.0 |      17 |       0 |   0.0
        D:6 |    1021 |     309 |  23.2 |      25 |       9 |  26.5
        D:7 |    1454 |       0 |   0.0 |      36 |       0 |   0.0
        D:8 |     447 |    1317 |  74.7 |      10 |      15 |  60.0
        D:9 |    1676 |     621 |  27.0 |      20 |       4 |  16.7
       D:10 |    1233 |     423 |  25.5 |      10 |      32 |  76.2
       D:11 |     754 |       0 |   0.0 |       1 |       0 |   0.0
     Lair:1 |    2777 |       0 |   0.0 |      14 |       0 |   0.0
     Lair:2 |    1327 |    1007 |  43.1 |       6 |       4 |  40.0
        Lab |       0 |    1486 | 100.0 |       0 |       8 | 100.0
      Sewer |       0 |     419 | 100.0 |       0 |      48 | 100.0
    Ossuary |       0 |     245 | 100.0 |       0 |      10 | 100.0
            +---------+---------+-------+---------+---------+-------

Table legend:
 A = Turns spent in this place as a percentage of turns spent in the entire game.
 B = Non-inter-level travel turns spent in this place as a percentage of non-inter-level travel turns spent in the entire game.
 C = Inter-level travel turns spent in this place as a percentage of turns spent in this place.
 D = Turns resting spent in this place as a percentage of non-inter-level travel turns spent in this place.
 E = Turns spent auto-exploring this place as a percentage of non-inter-level travel turns spent in this place.
 F = Non-inter-level travel turns spent in this place divided by the number of levels of this place that you've seen.
                   A       B       C       D       E      F
               +-------+-------+-------+-------+-------+----------------------
         Total | 100.0 | 100.0 |   4.6 |  27.5 |  34.3 | 877.8
       Dungeon |  79.8 |  79.1 |   5.4 |  31.9 |  36.0 | 1073.0
        Temple |   0.5 |   0.5 |   0.0 |   0.0 |  81.8 |  77.0
          Lair |   9.0 |   9.1 |   3.0 |  16.6 |  42.7 | 682.5
     Labyrinth |   3.5 |   3.7 |   0.0 |  15.7 |   0.0 | 555.0
         Sewer |   4.6 |   4.8 |   0.0 |   2.2 |  22.8 | 715.0
       Ossuary |   2.6 |   2.7 |   0.0 |   0.0 |  17.2 | 407.0
               +-------+-------+-------+-------+-------+----------------------

Vault maps used:
D:1:      mainiacjoe_arrival_reflecting_pool
D:2:      grunt_gozag_statues
D:3:      yredelemnul_altar_generic, lemuel_crystal_altar, trog_wizard
D:4:      nicolae_overflow_crystal_walls, minmay_temple_entry_butterflies,
          first_ration, serial_shops, shop, nrook_loot_triangle, tso_metal_star
D:5:      kiku_gazebo_pond_becter, grunt_temple_overflow_open
D:6:      portal_sewer_entry_a, uniq_blork_the_orc, uniq_sigmund
D:7:      serial_shops, nicolae_shop_behind_doors
D:8:      old_standard_altar, lemuel_crystal_altar, nicolae_ossuary_entry_plus,
          serial_shops, nicolae_shop_temple_entry_statues_fountains,
          shop_statue, david_nohive_1
D:9:      lemuel_coloured_pillars_altar, david_lair_generic
D:10:     hiddenorc2_lemuel, nicolae_sextant
D:11:     portal_ice_cave_entry_pillars_1, lab_entry_generic
Temple:   eino_temple_lava
Lair:1:   infiniplex_staircase_pool, serial_bayou_shore_b
Lair:2:   nicolae_spider_entry_tight_spaces, serial_bayou_lake_a,
          lemuel_fruit_tree, lemuel_fruit_fields, grunt_megastairs_1
Lab:      labyrinth_hidden_loot, labyrinth_skeletal_remains,
          nicolae_lab_quarters, nicolae_lab_checkerboard, labyrinth_lava_lair,
          nicolae_lab_stuck, nicolae_lab_grate, nicolae_lab_blocks,
          nicolae_lab_arrow
Sewer:    sewer_minmay_treatment
Ossuary:  ossuary_kennysheep_city_of_the_dead
